 Dungeon Crawl Stone Soup version 0.15-a0-734-g2b8d6ef (webtiles) character file.

1663 PolkaDot the Summoner (level 8, -6/52 HPs)
             Began as a Vampire Summoner on May 11, 2014.
             Was a Follower of Sif Muna.
             Mangled by a killer bee (12 damage)
             ... on Level 8 of the Dungeon.
             The game lasted 00:31:37 (6488 turns).

PolkaDot the Summoner (Vampire Summoner)            Turns: 6488, Time: 00:31:37

HP  -6/52        AC 10     Str  7      XL: 8   Next: 69%
MP   3/14        EV 12     Int 19      God: Sif Muna [*.....]
Gold 334         SH  0     Dex 14      Spells:  4 memorised,  2 levels left

rFire  . . .     SeeInvis +     f - +1,+2 whip (elec)
rCold  + + .     Clarity  +     a - +0 robe
rNeg   + + +     Conserve .     (no shield)
rPois  +         rCorr    .     p - +0 helmet
rElec  .         rRot     +     w - +1 cloak
SustAb . .       Spirit   .     h - +1 pair of gloves
rMut   .         Warding  .     (no boots)
Gourm  .         Stasis   .     E - amulet of clarity
MR     .....                    (no ring)
                                c - +3 ring of protection

@: regenerating slowly, not resistant to hostile enchantments, fairly stealthy
A: bottle blood, fangs 3, see invisible, unbreathing
a: Bat Form, Bottle Blood, Channel Energy, Renounce Religion


You were on level 8 of the Dungeon.
You worshipped Sif Muna.
Sif Muna was aware of your devotion.
You were near bloodless.

You visited 2 branches of the dungeon, and saw 9 of its levels.
You also visited: Sewer.

You collected 334 gold pieces.

Inventory:

Hand weapons
 f - a +1,+2 whip of electrocution (weapon)
Armour
 a - a +0 robe (worn)
 h - a +1 pair of gloves (worn)
 p - a +0 helmet (worn)
 w - a +1 cloak (worn)
Magical devices
 k - a wand of frost (9)
 y - a wand of flame (4)
 D - a wand of digging (7) {unknown}
Scrolls
 j - 4 scrolls of amnesia
 o - a scroll of enchant weapon II {unknown}
 q - 4 scrolls of remove curse
 s - 2 scrolls of teleportation
 t - a scroll of enchant armour
 v - a scroll of fog {unknown}
 x - a scroll of enchant weapon I {unknown}
 z - a scroll of blinking {unknown}
 A - a scroll of random uselessness
 C - a scroll of magic mapping
Jewellery
 c - a +3 ring of protection (left hand)
 u - an uncursed amulet of warding
 E - an amulet of clarity (around neck)
Potions
 d - 6 potions of curing
 e - 2 potions of resistance
 g - 3 potions of agility
 i - 2 potions of decay {!q}
 l - 2 potions of heal wounds
 m - 2 potions of magic
 n - 2 potions of brilliance
 r - 3 potions of flight {unknown}
 B - a potion of might {unknown}
Books
 b - a book of Callings

   Spells                             Type                      Level
   *Summon Small Mammal               Summoning                    1
   *Call Imp                          Summoning                    2
   *Call Canine Familiar              Summoning                    3
   Summon Guardian Golem              Hexes/Summoning              4
   Summon Lightning Spire             Summoning/Air                4
   *Summon Ice Beast                  Ice/Summoning                4


   Skills:
 - Level 2.1 Dodging
 - Level 3.0 Stealth
 - Level 2.6 Spellcasting
 + Level 9.5 Summonings
 - Level 6.6 Ice Magic


You had 2 spell levels left.
You knew the following spells:

 Your Spells              Type           Power        Failure   Level  Hunger
a - Summon Small Mammal   Summ           ####         1%          1    #......
d - Call Canine Familiar  Summ           #####...     1%          3    ###....
f - Summon Ice Beast      Ice/Summ       ####....     8%          4    #####..
s - Call Imp              Summ           #####...     1%          2    ##.....


Dungeon Overview and Level Annotations

Branches:
Dungeon (8/15)             Temple (1/1) D:7
   Lair: D:8-11

Altars:
Dithmenos
Elyvilon
Fedhas
Gozag
Kikubaaqudgha
Makhleb
Nemelex Xobeh
Okawaru
Qazlal
Sif Muna
Trog
Vehumet
Xom
Yredelemnul
Zin
The Shining One


Innate Abilities, Weirdness & Mutations

You heal slowly.
You can bottle blood from corpses.
You have razor-sharp teeth.*
You have supernaturally acute eyesight.
You can survive without breathing.*


Message History

Read which item? (? for menu, Esc to quit)
Okay, then.
Drink which item? (? for menu, Esc to quit)
Okay, then.
Okay, then.
Read which item? (? for menu, Esc to quit)
Okay, then.
Read which item? (? for menu, Esc to quit)
As you read the scroll labeled THRUGU SAOGG, it crumbles to dust.
You hear the tinkle of a tiny bell.
It was a scroll of random uselessness.
The killer bee completely misses your butterfly.
The killer bee stings you.
* * * LOW HITPOINT WARNING * * *
The killer bee barely misses you.
The killer bee closely misses your crimson imp.
The killer bee stings your butterfly.
Your butterfly is poisoned.
The killer bee poisons your butterfly! The killer bee stings you!
You die...

#...#. #....#
#..y. #..y. #
#.y.# .###.#.5y#
.......yb##
.###.#.yyy# #
#.###@##.#
[###..bbbb#.##.##
.......bbb........
########....##.##
#<#### #.# #.# #.#
#.#


You could see a queen bee, 7 killer bees and a friendly crimson imp.

Vanquished Creatures
  A hungry ghost (D:7)
  A big kobold (Sewer)
  A scorpion (D:5)
  3 wights (D:7)
  3 big fish (Sewer)
  2 orc wizards (D:4)
  2 worker ants
  Jessica (D:2)
  3 big kobold zombies (Sewer)
  A big fish zombie (Sewer)
  7 green rats
  5 adders
  An inept feature mimic (D:4)
  An inept item mimic (D:2)
  6 giant mites
  3 worms
  2 ufetubi (Sewer)
  An orc skeleton (D:4)
  3 giant geckos
  3 oozes
  5 orcs
  3 ball pythons
  6 giant cockroaches
  9 hobgoblins
  3 jackals (D:2)
  23 kobolds
  A quokka (D:7)
  5 bats
  7 giant newts
  10 goblins
  A goblin skeleton (D:4)
  A kobold zombie (Sewer)
  15 rats
139 creatures vanquished.

Vanquished Creatures (collateral kills)
  A kobold demonologist (Sewer)
  Grinder (Sewer)
  A spatial vortex (Sewer)
  An ice beast (D:5)
  An ogre (D:5)
  3 centaurs
  A big kobold (Sewer)
  A scorpion (D:5)
  A jelly (D:7)
  A two-headed ogre zombie (D:7)
  A big fish (Sewer)
  An iguana (D:4)
  An orc wizard (D:7)
  2 big kobold zombies (Sewer)
  Terence (D:2)
  An adder (Sewer)
  3 green rats (D:4)
  An orc skeleton (D:5)
  A giant mite (D:5)
  2 giant geckos
  An ooze (Sewer)
  An orc (D:7)
  A giant cockroach (D:5)
  3 hobgoblins (D:1)
  A bat (D:1)
  A giant newt (D:5)
  3 goblins
  10 kobolds
  3 rats
50 creatures vanquished.

Vanquished Creatures (others)
  2 wolves
  An ice beast (D:8)
  2 crimson imps (D:8)
  5 hounds
  2 white imps (Sewer)
  3 quokkas
  A kobold zombie (Sewer)
  2 rats
18 creatures vanquished.

Grand Total: 207 creatures vanquished

Notes
Turn   | Place    | Note
--------------------------------------------------------------
     0 | D:1      | PolkaDot, the Vampire Summoner, began the quest for the Orb.
     0 | D:1      | Reached XP level 1. HP: 13/13 MP: 3/3
   598 | D:1      | Reached XP level 2. HP: 8/19 MP: 0/4
  1122 | D:2      | Reached skill level 5 in Summonings
  1122 | D:2      | Reached XP level 3. HP: 24/24 MP: 6/6
  1123 | D:2      | Noticed Jessica
  1133 | D:2      | Killed Jessica
  1374 | D:2      | Reached XP level 4. HP: 25/30 MP: 7/7
  1809 | D:3      | Noticed Terence
  1830 | D:2      | Learned a level 3 spell: Call Canine Familiar
  1833 | D:2      | Learned a level 2 spell: Call Imp
  1861 | D:2      | Killed Terence
  1861 | D:2      | Reached skill level 6 in Summonings
  1983 | D:3      | Found a basalt altar of Yredelemnul.
  2665 | D:4      | Found a staircase to the Ecumenical Temple.
  2675 | D:4      | the staircase to the Ecumenical Temple was a mimic.
  2772 | D:4      | Reached XP level 5. HP: 32/35 MP: 9/9
  2779 | D:4      | Found a stormy altar of Qazlal.
  3284 | D:4      | Reached skill level 7 in Summonings
  3442 | D:4      | Reached XP level 6. HP: 30/41 MP: 10/10
  3588 | D:5      | Entered Level 5 of the Dungeon
  3640 | D:5      | Found a radiant altar of Vehumet.
  3753 | D:5      | Reached skill level 8 in Summonings
  3757 | D:5      | Found a glowing drain.
  3768 | Sewer    | Entered a sewer
  3884 | Sewer    | Reached XP level 7. HP: 46/46 MP: 12/12
  3893 | Sewer    | Learned a level 4 spell: Summon Ice Beast
  3946 | Sewer    | Reached skill level 1 in Ice Magic
  4045 | Sewer    | Found a burning altar of Makhleb.
  4093 | Sewer    | Noticed an apprentice kobold demonologist
  4165 | Sewer    | Killed an apprentice kobold demonologist
  4169 | Sewer    | Reached XP level 8. HP: 36/52 MP: 3/14
  4262 | Sewer    | Noticed Grinder
  4273 | Sewer    | Killed Grinder
  4273 | Sewer    | Reached skill level 9 in Summonings
  4818 | D:5      | Reached skill level 5 in Ice Magic
  5375 | D:7      | Found a staircase to the Ecumenical Temple.
  5381 | Temple   | Entered the Ecumenical Temple
  5471 | Temple   | Became a worshipper of Sif Muna the Loreminder
  5523 | D:7      | Got a warped falchion
  5524 | D:7      | Identified the +9,+4 falchion "Jeikin" {flame, -Cast rPois rF+ rC+ MR+ Dex-2} (You found it on level 7 of the Dungeon)
  6389 | D:7      | Acquired Sif Muna's first power
  6478 | D:8      | Noticed a queen bee
  6488 | D:8      | Mangled by a killer bee

Action                   |  1- 3 |  4- 6 |  7- 9 || total
-------------------------+-------+-------+-------++-------
Melee: Whip              |    68 |   208 |   214 ||   490
       Unarmed           |     8 |       |       ||     8
 Cast: Summon Small Mamm |    12 |     4 |    10 ||    26
       Call Canine Famil |       |     9 |    11 ||    20
       Call Imp          |       |     3 |    11 ||    14
       Summon Ice Beast  |       |       |    19 ||    19
Invok: Channel Energy    |       |       |    13 ||    13
 Abil: End Transformatio |       |       |     2 ||     2
       Bat Form          |       |       |     2 ||     2
Evoke: Wand              |       |       |     1 ||     1
  Use: Potion            |     1 |     1 |     1 ||     3
       Scroll            |       |    11 |     4 ||    15
 Stab: Sleeping          |     6 |     7 |     6 ||    19
       Distracted        |       |       |     1 ||     1
